 Dungeon Crawl Stone Soup version 0.27-a0-1545-g3eddc1d3d3 (webtiles) character file.

Game seed: 3777125507713032032

23022 MirrMurr the Spear-Bearer (level 12, 0/97 HPs)
             Began as a Demonspawn Berserker on July 12, 2021.
             Was a High Priest of Trog.
             Slain by a rime drake (3 damage)
             ... on level 2 of the Lair of Beasts on July 13, 2021.
             The game lasted 00:27:21 (15950 turns).

MirrMurr the Spear-Bearer (Demonspawn Berserker)   Turns: 15950, Time: 00:27:22

Health: 0/97       AC: 19    Str: 21    XL:     12   Next: 68%
Magic:  12/12      EV: 15    Int:  9    God:    Trog [*****.]
Gold:   707        SH:  5    Dex: 14    Spells: 11/11 levels left

rFire    . . .     SeeInvis .   a - +0 trident (distort)
rCold    . . .     Faith    .   y - +0 buckler
rNeg     . . .     Spirit   .   q - +0 swamp dragon scales
rPois    +         Reflect  .   m - +0 helmet
rElec    .         Harm     .   d - +1 cloak
rCorr    .         Rampage  .   x - +0 pair of gloves
Will     .....                  L - +0 pair of boots
Stlth    +.........             (no amulet)
HPRegen  0.26/turn              D - ring of flight
MPRegen  0.13/turn              (no ring)

@: frozen, flying, very slow
A: hooves 2, icy blue scales 2, foul stench 2
a: Renounce Religion, Berserk, Trog's Hand, Brothers in Arms


You were on level 2 of the Lair of Beasts.
You worshipped Trog.
Trog was extremely pleased with you.
You visited 3 branches of the dungeon, and saw 15 of its levels.

You collected 707 gold pieces.

Inventory:

Hand Weapons
 a - a +0 trident of distortion (weapon)
 s - a +0 trident
Missiles
 c - 441 stones
 o - 6 boomerangs (quivered)
 t - 23 poisoned darts
 w - 79 sling bullets
 F - a throwing net
 G - a curare-tipped dart
 M - 7 javelins
Armour
 d - a +1 cloak (worn)
 f - a +0 plate armour
 m - a +0 helmet (worn)
 q - +0 swamp dragon scales (worn)
 x - a +0 pair of gloves (worn)
 y - a +0 buckler (worn)
 L - a +0 pair of boots (worn)
Jewellery
 D - a ring of flight (left hand)
 N - a +4 ring of protection
Wands
 h - a wand of flame (31)
 H - a wand of polymorph (11)
 I - a wand of acid (12)
 J - a wand of charming (9)
 K - a wand of mindburst (10)
Scrolls
 l - 2 scrolls of teleportation
 v - 2 scrolls of fog
 C - 2 scrolls of enchant weapon
Potions
 b - 3 potions of heal wounds
 e - a potion of brilliance
 g - a potion of ambrosia
 i - 6 potions of curing
 j - a potion of magic {unknown}
 k - 2 potions of haste
 n - 3 potions of attraction
 p - 2 potions of mutation
 r - 6 potions of might
 u - a potion of berserk rage {unknown}
 z - 3 potions of flight {unknown}
 A - a potion of cancellation {unknown}
 B - 2 potions of invisibility
 E - a potion of degeneration {unknown}


   Skills:
 + Level 10.0 Fighting
 * Level 12.3 Polearms
 + Level 9.0 Armour
 + Level 8.9 Dodging
 - Level 4.0 Shields


You had 11 spell levels left.
You didn't know any spells.
Your spell library was empty.

Dungeon Overview and Level Annotations

Branches:
Dungeon (11/15)            Temple (1/1) D:6            Lair (3/6) D:11
  Swamp: Lair:2-4    Shoals: Lair:2-4     Snake: Lair:2-4    Spider: Lair:2-4
    Orc: D:9-12

Altars:
Ashenzari
Cheibriados
Dithmenos
Elyvilon
Fedhas
Gozag
Hepliaklqana
Kikubaaqudgha
Makhleb
Nemelex Xobeh
Okawaru
Qazlal
Ru
Sif Muna
Trog
Uskayaw
Vehumet
Wu Jian
Xom
Yredelemnul
Zin
The Shining One

Shops:
D:4 =*   D:5 *   D:10 ((*=

Annotations:
D:3 3 runed translucent doors, Fama's ghost, weakling MiAK; anet's ghost, amateur GnDe; hemabe71's ghost, amateur HuAr
D:10 3 runed translucent doors, UngaStrats's ghost, novice DgFi
Lair:1 exclusion: 2 oklob plants
Lair:2 3 runed translucent doors, Edduzul's ghost, journeyman GnAr; Fannar


Innate Abilities, Weirdness & Mutations

You have hoof-like feet.
You are mostly covered in icy blue scales. (AC +3)
You sometimes emit foul miasma when damaged in melee.


Message History

The four-headed hydra barely misses you. x2
You hit Fannar but do no damage.
Fannar is moderately wounded.
Fannar blinks!
Unknown command.
The four-headed hydra bites you but does no damage.
The four-headed hydra completely misses you.
The four-headed hydra bites you but does no damage. x2
You fly downwards.
The rime drake breathes ice at you. The flash freeze hits you!
* * * LOW HITPOINT WARNING * * *
You are encased in ice.
There is a stone staircase leading up here.
The rime drake bites you but does no damage.
The four-headed hydra bites you but does no damage.
The four-headed hydra closely misses you.
You block the four-headed hydra's attack.
The four-headed hydra closely misses you.
The rime drake bites you but does no damage.
There is a stone staircase leading up here.
Unknown command.
The ice encasing you melts away.
The four-headed hydra barely misses you.
The four-headed hydra bites you but does no damage. x2
The four-headed hydra misses you. You block the rime drake's attack.
You fly upwards.
Level annotation: 3 runed translucent doors, Edduzul's ghost, journeyman GnAr; Fannar
There is a stone staircase leading down here.
The rime drake breathes ice at you. The flash freeze hits you!
* * * LOW HITPOINT WARNING * * *
You are encased in ice.
The four-headed hydra barely misses you.
The four-headed hydra bites you but does no damage.
The four-headed hydra barely misses you.
The four-headed hydra bites you.
* * * LOW HITPOINT WARNING * * *
You emit a cloud of foul miasma!
The rime drake bites you.
You die...

#........##.###..P###
#........+..##...##
.........##.##...#
..........####..##
#########..# #÷#####
#.....#.#.####'÷#..#
#.#.##..#......>...#
+.#...!##..+...D...#
+h..#.!Y#.##...k@..##
+W....:##..#.......P#
#H####..#.##........#
#.....#.#.##.......##
#########.##.......##
..........##........#
....PP##.##........##
.###########........#
## #........##


You could see a four-headed hydra and a rime drake (catching breath).

Vanquished Creatures
  4 hydras
  4 two-headed ogres
  Erica (Lair:1)
  Urug (Lair:1)
  Pikel (D:7)
  An oklob plant (D:11)
  An ugly thing (D:11)
  A manticore (D:9)
  2 cyclopes
  A black mamba (Lair:2)
  Maggie (D:6)
  A gargoyle (D:10)
  A rime drake (shapeshifter) (D:11)
  2 cane toads (Lair:2)
  An unseen horror (D:11)
  Psyche (D:8)
  An efreet (D:11)
  4 komodo dragons
  A troll (D:8)
  3 blink frogs (Lair:1)
  A shadow (D:8)
  A wyvern (D:9)
  10 yaks
  A steam dragon (D:9)
  Menkaure (D:5)
  2 acid dragons
  9 water moccasins
  A sky beast (D:7)
  Duvessa (D:6)
  2 orc warriors
  2 ice beasts
  A black bear (D:6)
  4 ogres
  5 wolves (Lair:2)
  4 centaurs
  2 kobold brigands
  7 bullfrogs
  A gnoll sergeant (D:8)
  A wyvern zombie (D:6)
  Dowan (D:6)
  3 scorpions (D:5)
  2 water moccasin skeletons (D:5)
  A jelly (D:7)
  4 wights (D:6)
  5 howler monkeys
  3 electric eels (Lair:2)
  A bullfrog zombie (D:7)
  4 centaur zombies
  7 orc priests
  A bullfrog skeleton (D:4)
  Crazy Yiuf (D:2)
  A centaur skeleton (D:5)
  3 hounds
  5 orc wizards
  Terence (D:2)
  2 iguanas
  2 killer bee zombies
  A hound skeleton (D:4)
  A howler monkey skeleton (D:6)
  4 gnolls
  7 adders
  A shadow imp (D:6)
  3 worms
  2 dart slugs (D:1)
  21 orcs
  6 endoplasms
  3 giant cockroaches
  4 goblins
  5 hobgoblins
  9 jackals
  2 quokkas
  4 ball pythons
  6 bats
  6 frilled lizards
  27 kobolds
  3 rats
251 creatures vanquished.

Vanquished Creatures (others)
  2 fungi (Lair:2)
  23 plants
  4 withered plants (D:3)
29 creatures vanquished.

Grand Total: 280 creatures vanquished

Notes
Turn   | Place    | Note
-------+----------+-------------------------------------------
     0 | D:1      | MirrMurr the Demonspawn Berserker began the quest for the
                  | Orb.
     0 | D:1      | Reached XP level 1. HP: 18/18 MP: 1/1
   245 | D:1      | Gained mutation: You may rarely emit foul miasma when
                  | damaged in melee. [demonic ancestry]
   245 | D:1      | Reached XP level 2. HP: 23/24 MP: 2/2
   328 | D:1      | Reached skill level 3 in Polearms
   645 | D:1      | Reached ** piety under Trog
   749 | D:1      | Gained mutation: You are partially covered in icy blue
                  | scales. (AC +2) [demonic ancestry]
   749 | D:1      | Reached XP level 3. HP: 29/29 MP: 3/3
  1116 | D:2      | Found a burning altar of Makhleb.
  1371 | D:2      | Noticed Terence
  1380 | D:2      | Killed Terence
  1381 | D:2      | Gained mutation: You sometimes emit foul miasma when
                  | damaged in melee. [demonic ancestry]
  1381 | D:2      | Reached XP level 4. HP: 30/35 MP: 4/4
  1725 | D:2      | Found a runed translucent door.
  1726 | D:2      | Noticed Crazy Yiuf
  1732 | D:2      | Killed Crazy Yiuf
  2242 | D:3      | Found a shimmering blue altar of Sif Muna.
  2417 | D:3      | Reached XP level 5. HP: 42/42 MP: 5/5
  2670 | D:3      | Found a runed translucent gate.
  2672 | D:3      | Found a runed translucent gate.
  2673 | D:3      | Found a runed translucent gate.
  2683 | D:3      | Noticed anet's ghost (amateur GnDe)
  2683 | D:3      | Noticed Fama's ghost (weakling MiAK)
  2683 | D:3      | Noticed hemabe71's ghost (amateur HuAr)
  2778 | D:3      | Found a faded altar of an unknown god.
  2925 | D:3      | Reached skill level 4 in Polearms
  3445 | D:4      | Found Goxia's General Store.
  3798 | D:4      | Reached *** piety under Trog
  3907 | D:4      | Found Rumui's Jewellery Emporium.
  3972 | D:5      | Entered Level 5 of the Dungeon
  4006 | D:5      | Reached XP level 6. HP: 48/48 MP: 6/6
  4073 | D:5      | Noticed Menkaure
  4293 | D:5      | Killed Menkaure
  4294 | D:5      | Reached skill level 5 in Polearms
  4335 | D:5      | Found an ancient bone altar of Kikubaaqudgha.
  4336 | D:5      | Noticed a water moccasin
  4346 | D:5      | Killed a water moccasin
  4347 | D:5      | Reached XP level 7. HP: 19/55 MP: 7/7
  4706 | D:5      | Found Nerinlus's General Store.
  5084 | D:5      | Reached skill level 5 in Fighting
  5190 | D:5      | Reached skill level 6 in Polearms
  5190 | D:5      | Noticed a two-headed ogre
  5203 | D:5      | Gained mutation: You have large cloven feet. [demonic
                  | ancestry]
  5203 | D:5      | Reached XP level 8. HP: 45/62 MP: 8/8
  5217 | D:5      | Killed a two-headed ogre
  5218 | D:5      | Reached skill level 7 in Polearms
  5483 | D:5      | Reached skill level 5 in Armour
  5483 | D:5      | Reached skill level 5 in Dodging
  5590 | D:5      | Gained mutation: You are mostly covered in icy blue scales.
                  | (AC +3) [demonic ancestry]
  5590 | D:5      | Reached XP level 9. HP: 69/69 MP: 9/9
  6010 | D:6      | Noticed Duvessa
  6011 | D:6      | Noticed Dowan
  6023 | D:6      | Killed Duvessa
  6024 | D:6      | Reached skill level 1 in Shields
  6039 | D:6      | Killed Dowan
  6474 | D:6      | Noticed Maggie
  6490 | D:6      | Killed Maggie
  6662 | D:6      | Reached skill level 8 in Polearms
  7196 | D:6      | Found a staircase to the Ecumenical Temple.
  7206 | Temple   | Entered the Ecumenical Temple
  7740 | D:7      | Found a bloodstained altar of Trog.
  7741 | D:7      | Found a sacrificial altar of Ru.
  7741 | D:7      | Found a shadowy altar of Dithmenos.
  8075 | D:7      | Noticed Pikel
  8109 | D:7      | Killed Pikel
  8110 | D:7      | Gained mutation: You have hoof-like feet. [demonic
                  | ancestry]
  8110 | D:7      | Reached XP level 10. HP: 63/79 MP: 10/10
  8252 | D:7      | Reached **** piety under Trog
  8526 | D:8      | Noticed Psyche
  8885 | D:8      | Noticed a two-headed ogre
  9019 | D:7      | Killed a two-headed ogre
  9020 | D:7      | Reached skill level 9 in Polearms
  9177 | D:8      | Killed Psyche
  9315 | D:8      | Noticed a cyclops
  9321 | D:8      | Killed a cyclops
  9768 | D:9      | Noticed a two-headed ogre
  9779 | D:9      | Banished a two-headed ogre
  9859 | D:9      | Noticed a two-headed ogre
  9873 | D:8      | Killed a two-headed ogre
 10193 | D:9      | Reached XP level 11. HP: 79/86 MP: 11/11
 10259 | D:9      | Reached ***** piety under Trog
 10260 | D:9      | Reached skill level 10 in Polearms
 10964 | D:10     | Entered Level 10 of the Dungeon
 11051 | D:10     | Found a runed translucent gate.
 11051 | D:10     | Found a runed translucent gate.
 11051 | D:10     | Found a runed translucent gate.
 11087 | D:10     | Found Bybaynwy's General Store.
 11306 | D:10     | Found a snail-covered altar of Cheibriados.
 11506 | D:10     | Found Zuxeg's Antique Weapon Emporium.
 11609 | D:10     | Found Xiufexof's Antique Weapon Shop.
 11793 | D:10     | Found Quniuc's Jewellery Emporium.
 11935 | D:10     | Noticed UngaStrats's ghost (novice DgFi)
 11952 | D:11     | Noticed a two-headed ogre
 11961 | D:11     | Killed a two-headed ogre
 12067 | D:11     | Noticed an oklob plant
 12368 | D:11     | Found a staircase to the Lair.
 12405 | D:11     | Upgraded the game from 0.27-a0-1529-g1e82c303ef to
                  | 0.27-a0-1545-g3eddc1d3d3
 12507 | D:11     | Noticed a white ugly thing
 12532 | D:11     | Killed a white ugly thing
 12928 | D:11     | Noticed a four-headed hydra
 12941 | D:11     | Killed a four-headed hydra
 12942 | D:11     | Reached skill level 11 in Polearms
 13767 | D:11     | Killed an oklob plant
 13768 | D:11     | Reached XP level 12. HP: 59/95 MP: 12/12
 13976 | Lair:1   | Entered Level 1 of the Lair of Beasts
 14046 | Lair:1   | Noticed a six-headed hydra
 14052 | Lair:1   | Killed a six-headed hydra
 14278 | Lair:1   | Noticed a six-headed hydra
 14293 | Lair:1   | Killed a six-headed hydra
 14590 | Lair:1   | Noticed Erica
 14677 | Lair:1   | Killed Erica
 14702 | Lair:1   | Noticed Urug
 14711 | Lair:1   | Killed Urug
 15150 | Lair:2   | Noticed a five-headed hydra
 15170 | Lair:2   | Killed a five-headed hydra
 15171 | Lair:2   | Reached skill level 12 in Polearms
 15309 | Lair:2   | Found a runed translucent gate.
 15311 | Lair:2   | Found a runed translucent gate.
 15311 | Lair:2   | Found a runed translucent gate.
 15312 | Lair:2   | Noticed Edduzul's ghost (journeyman GnAr)
 15312 | Lair:2   | Noticed a minotaur
 15487 | Lair:2   | Reached skill level 10 in Fighting
 15909 | Lair:3   | Noticed Fannar
 15923 | Lair:3   | Found the +2 robe of Vines {NoPotionHeal Regen+++}
 15923 | Lair:3   | Noticed a four-headed hydra
 15950 | Lair:2   | HP: 3/97 [four-headed hydra (3)]
 15950 | Lair:2   | Slain by a rime drake

Illustrated notes

Levels and vault maps discovered:
D:1:      lightli_arrival_flooded_house, layout_rooms, chequers_decorated_corner
D:2:      layout_loops_ring, basic_altar, minmay_octomino_c4, uniq_terence,
          uniq_crazy_yiuf_cottage
D:3:      layout_basic, nicolae_overflow_hidden_temple, serial_rivers,
          chequers_serial_rivers_marsh, chequers_serial_rivers_room_a,
          chequers_serial_rivers_micro_b, chequers_serial_rivers_marsh,
          chequers_serial_rivers_marsh, gammafunk_ghost_cemetery,
          shapermc_ecumenical_altar_gd
D:4:      layout_rooms, serial_shops, shop, nicolae_shop_statue_plus,
          chequers_serial_rivers_large_b
D:5:      minmay_diamond_boxcup, layout_basic, general_overflow_altar,
          serial_shops, shop, uniq_menkaure
D:6:      layout_basic, minmay_temple_entry_gardened_gates,
          roderic_roman_lattice, uniq_maggie, uniq_duvessa
D:7:      layout_basic, gammafunk_temple_overflow_claw, uniq_pikel
D:8:      layout_loops_cross, minmay_misc_feat_iff, uniq_psyche
D:9:      layout_big_octagon
D:10:     layout_loops_corners, cheibrodos_worm_habitat, serial_shops,
          nicolae_shop_trees, nicolae_shop_behind_doors, shop, shop_fountains,
          gammafunk_ghost_icy
D:11:     layout_basic, dpeg_oklobed_lair
Temple:   eino_temple_rhombus
Lair:1:   layout_roguey, grunt_megastairs_4, minmay_lair_oklob_chamber,
          uniq_urug, uniq_erica
Lair:2:   layout_roguey, maelrawn_ghost_gauntlet_escape, grunt_megastairs_1,
          serial_bayou_shore_a
Lair:3:   layout_hall_layers, minmay_shoals_entry_beasts, spider_nest_entry_a,
          hellmonk_guarded_unrand_vines, uniq_rupert, uniq_fannar

Skill      XL: |  1  2  3  4  5  6  7  8  9 10 11 12 |
---------------+-------------------------------------+-----
Polearms       | 3 4 5 6 7 8 9 11 12 | 12.3
Armour         | 2 3 4 5 6 8 9 |  9.0
Dodging        | 2 3 4 5 6 8 |  8.9
Fighting       | 4 5 6 7 8 9 10 | 10.0
Shields        | 3 4 |  4.0

Action                   |  1- 3 |  4- 6 |  7- 9 | 10-12 || total
-------------------------+-------+-------+-------+-------++-------
Melee: Spear             |   167 |    88 |       |       ||   255
       Trident           |       |    54 |   211 |   573 ||   838
       Kick              |       |       |    47 |   103 ||   150
Throw: Boomerang         |       |       |       |     3 ||     3
Invok: Berserk           |       |     1 |     1 |     1 ||     3
       Trog's Hand       |       |       |     1 |       ||     1
  Use: Scroll            |     4 |     2 |     4 |     8 ||    18
       Potion            |       |       |       |     1 ||     1
 Stab: Distracted        |       |       |     1 |       ||     1
Armor: Animal skin       |    14 |       |       |       ||    14
       Plate armour      |    32 |    73 |    64 |       ||   169
       Swamp dragon scal |       |       |    22 |   183 ||   205
Dodge: Dodged            |    46 |    35 |    56 |   225 ||   362
Block: Buckler           |       |       |    20 |    82 ||   102

Table legend: (Time is in decaauts)
 A = Elapsed time spent in this place.
 B = Non-inter-level travel time spent in this place.
 C = Inter-level travel time spent in this place.
 D = Time resting spent in this place.
 E = Time spent auto-exploring this place.
 F = Levels seen in this place.
 G = Mean time per level.
                   A        B        C        D        E       F      G
               +--------+--------+--------+--------+--------+-----+--------+
         Total |  15936 |  14850 |   1086 |    338 |  12305 |  15 | 1062.4 |
       Dungeon |  13834 |  12815 |   1019 |    311 |  10712 |  11 | 1257.6 |
        Temple |    178 |    160 |     18 |      0 |    160 |   1 |  178.0 |
          Lair |   1922 |   1874 |     48 |     27 |   1433 |   3 |  640.7 |
               +--------+--------+--------+--------+--------+-----+--------+

Top non-repeatable levels by time:
    D:11: 1894 daAuts
     D:5: 1634 daAuts
     D:6: 1546 daAuts
     D:8: 1327 daAuts
     D:7: 1149 daAuts
     D:1: 1125 daAuts
     D:4: 1112 daAuts
    D:10: 1074 daAuts
     D:3: 1065 daAuts
  Lair:1: 1047 daAuts
     D:2: 1011 daAuts
     D:9: 893 daAuts
  Lair:2: 847 daAuts
  Temple: 178 daAuts
  Lair:3: 27 daAuts
